 Dungeon Crawl Stone Soup version 0.31.0-12-g77e489cdc1 (webtiles) character file.

Game seed: 7793475265158740738

14 hawla the Firebug (level 2, 0/15 HPs)
             Began as a Deep Elf Fire Elementalist on Feb 21, 2024.
             Slain by a hobgoblin (3 damage)
             ... on level 1 of the Dungeon.
             The game lasted 00:00:58 (390 turns).

hawla the Firebug (Deep Elf Fire Elementalist)       Turns: 390, Time: 00:00:59

Health: 0/15       AC:  2    Str:  5    XL:     2   Next: 27%
Magic:  4/8        EV: 12    Int: 19    God:
Gold:   19         SH:  0    Dex: 15    Spells: 6/7 levels left

rFire   . . .        (no weapon)
rCold   . . .        (no shield)
rNeg    . . .        a - +0 robe
rPois   .            (no helmet)
rElec   .            (no cloak)
rCorr   .            (no gloves)
SInv    .            (no boots)
Will    .....        (no amulet)
Stlth   ++           (no ring)
HPRegen 0.22/turn    (no ring)
MPRegen 0.11/turn

%: no passive effects
@: very slightly contaminated
A: no striking features
a: no special abilities


You were on level 1 of the Dungeon.
You visited 1 branch of the dungeon, and saw 1 of its levels.

You collected 19 gold pieces.

Inventory:

Armour
 a - a +0 robe (worn)
Scrolls
 c - a scroll of enchant armour {unknown}
 d - a scroll of immolation {unknown}
Potions
 b - a potion of magic
 e - a potion of brilliance {unknown}
 f - a potion of attraction {unknown}


   Skills:
 - Level 2.4 Dodging
 - Level 2.4 Stealth
 - Level 3.0 Spellcasting
 + Level 2.6 Conjurations
 - Level 3.2 Fire Magic


You had 6 spell levels left.
You knew the following spells:

 Your Spells              Type           Power      Damage    Failure   Level
a - Foxfire               Conj/Fire      56%        2x1d6     4%          1

Your spell library contained the following spells:

 Spells                   Type           Power      Damage    Failure   Level
 Scorch                   Fire           30%        2d6       6%          2
 Freeze                   Ice            8%         1d3       16%         1
 Inner Flame              Hex/Fire       9%         N/A       24%         3
 Volatile Blastmotes      Fire/Tloc      18%        2d11      24%         3
 Hailstorm                Conj/Ice       7%         3d5       26%         3
 Frozen Ramparts          Ice            4%         1d1       41%         3
 Summon Ice Beast         Ice/Summ       2%         N/A       41%         3
 Flame Wave               Conj/Fire      14%        2d6       41%         4
 Summon Mana Viper        Hex/Summ       2%         N/A       99%         5
 Monstrous Menagerie      Summ           1%         N/A       100%        7


Dungeon Overview and Level Annotations

Branches:
Dungeon (1/15)

Altars:


Message History

You open the door.
A bat, a kobold and a jackal come into view.
There are monsters nearby!
There are monsters nearby!
A hobgoblin and a jackal come into view.
The hobgoblin shouts!
You hear a bark!
The jackal barks!
There is an open door here.
A jackal comes into view.
Found a scroll labelled PEBABAETAIX.
The jackal barks!
The bat misses you.
Casting: Foxfire (safe; 4% risk of failure)
Confirm with . or Enter, or press ? or * to list all spells.
You miscast Foxfire.
You are very lightly contaminated with residual magic.
Nothing appears to happen.
The kobold shouts!
You hear a loud squeak.
The bat hits you. The hobgoblin hits you.
A rat comes into view.
Casting: Foxfire (safe; 4% risk of failure)
Confirm with . or Enter, or press ? or * to list all spells.
You conjure some foxfire!
The jackal closely misses you. The hobgoblin hits you.
Casting: Foxfire (safe; 4% risk of failure)
Confirm with . or Enter, or press ? or * to list all spells.
You conjure some foxfire!
The foxfire hits the jackal.
The jackal is moderately wounded.
The foxfire hits the bat.
You kill the bat!
The foxfire hits the jackal.
The jackal is almost dead.
The jackal barely misses you. The jackal bites you.
The hobgoblin barely misses you.
Casting: Foxfire (safe; 4% risk of failure)
Confirm with . or Enter, or press ? or * to list all spells.
You conjure some foxfire!
The jackal barely misses you. x2
The jackal bites you. x2
* * * LOW HITPOINT WARNING * * *
The hobgoblin hits you.
You die...

#.^....# #.# #. #
##########.# #. #
######.....# #
#.......##### #
## #....†..#...#
#. #.
#.......#...#
.##..##.
#.....).#...#
......(.
#.......v.v.+
####>...
#.......#@hh#
#.###
#.......#hg......
#.
#.......#K.......
# ###
#.......#.......?
#..
#########r.......
#.. ##....... #.⌠
......# #..
......# #.. ##.


You could see 3 jackals, a hobgoblin, a kobold and a rat.

Vanquished Creatures
  A ball python (D:1)
  A giant cockroach (D:1)
  A goblin (D:1)
  2 hobgoblins (D:1)
  A quokka (D:1)
  3 bats (D:1)
  A frilled lizard (D:1)
  2 kobolds (D:1)
  A rat (D:1)
13 creatures vanquished.

Vanquished Creatures (others)
  37 foxfires (D:1)
37 creatures vanquished.

Grand Total: 50 creatures vanquished

Notes
Turn   | Place    | Note
-------+----------+-------------------------------------------
     0 | D:1      | hawla the Deep Elf Fire Elementalist began the quest for
                  | the Orb.
     0 | D:1      | Reached XP level 1. HP: 10/10 MP: 6/6
   241 | D:1      | Reached XP level 2. HP: 15/15 MP: 4/8
   390 | D:1      | Slain by a hobgoblin

Illustrated notes

Levels and vault maps discovered:
D:1:      dpeg_arrival_arbitrary_c, layout_basic

Skill      XL: |  1 |
---------------+----+-----
Conjurations   | 2 |  2.6
Dodging        | |  2.4
Stealth        | |  2.4
Spellcasting   | |  3.0
Fire Magic     | |  3.2

Action                     || total
---------------------------++-------
  Melee: Unarmed           ||     2
         Punch             ||     1
   Cast: Foxfire           ||    24
 Armour: Robe              ||    10
  Dodge: Dodged            ||     9
